 Dungeon Crawl Stone Soup version 0.30.1-4-g462c640d31 (webtiles) character file.

Game seed: 8861404393651010923

35854 Zeor the Thaumaturge (level 14, -2/99 HPs)
             Began as a Djinni Fire Elementalist on Aug 22, 2023.
             Was an Elder of Qazlal.
             Slain by a death yak (24 damage)
             ... on level 5 of the Lair of Beasts.
             The game lasted 01:16:23 (17782 turns).

Zeor the Thaumaturge (Djinni Fire Elementalist)    Turns: 17782, Time: 01:16:24

Health: -2/99      AC:  9    Str:  7    XL:     14   Next: 20%
Gold:   1086       EV: 16    Int: 20    God:    Qazlal [****..] SH: 10 Dex: 16

rFire   + + .        a - +5 quick blade (venom)
rCold   x . .        (no shield)
rNeg    . . .        C - +0 steam dragon scales
rPois   ∞            (no helmet)
rElec   .            M - +1 cloak
rCorr   .            y - +1 pair of gloves
SInv    .            (boots unavailable)
Will    +....        A - amulet of reflection
Stlth   ++           (no ring)
HPRegen 0.36/turn    (no ring)
MPRegen 0.00/turn

%: repel missiles, reflection, infuse magic (-3 HP)
@: flying
A: sickness immunity, fire resistance 2, cold vulnerability 1, float, innate
caster, HP casting, extra vitality 1
a: Renounce Religion, Upheaval, Elemental Force


You were on level 5 of the Lair of Beasts.
You worshipped Qazlal.
Qazlal was greatly pleased with you.
You visited 3 branches of the dungeon, and saw 14 of its levels.

You collected 1086 gold pieces.

Inventory:

Hand Weapons
 a - a +5 quick blade of venom (weapon)
 x - a +0 glaive of flaming
Missiles
 j - 3 boomerangs of dispersal
 l - a throwing net
 H - 5 atropa-tipped darts
Armour
 y - a +1 pair of gloves (worn)
 C - +0 steam dragon scales (worn)
 K - an orb of wrath
 M - a +1 cloak (worn)
Magical Staves
 b - the staff of fire "Ditzag" {rF+ rC+ Dex+3 SInv}
   (You acquired it on level 6 of the Dungeon)

   [staff of fire]

   Your inability to study Fire Magic prevents you from drawing on the full
   power of this staff in melee.
   Base accuracy: +5 Base damage: 5 Base attack delay: 1.2 This weapon's minimum
   attack delay (0.6) is reached at skill level 12.
   Dex:       It affects your dexterity (+3).
   rF:        It protects you from fire.
   rC:        It protects you from cold.
   SInv:      It lets you see invisible.
   It falls into the 'Staves' category.
   It is a one-handed weapon.
 d - a staff of air
 i - a staff of poison
Jewellery
 q - a ring of ice
 A - an amulet of reflection (around neck)
 D - a ring of see invisible
 F - a ring of fire
 Q - a ring of ice
Wands
 p - a wand of flame (59)
 w - a wand of mindburst (10)
 L - a wand of acid (4)
 N - a wand of charming (5)
 O - a wand of roots (16)
Scrolls
 e - 8 scrolls of teleportation
 f - 2 scrolls of butterflies
 r - 3 scrolls of vulnerability
 s - 2 scrolls of magic mapping
 v - 3 scrolls of blinking
 B - a scroll of poison
 I - 3 scrolls of fog
 J - 3 scrolls of fear
 P - a scroll of immolation
Potions
 c - 3 potions of curing
 g - a potion of cancellation
 h - 4 potions of mutation
 k - 3 potions of might
 m - 2 potions of resistance
 n - 2 potions of berserk rage
 o - 3 potions of haste
 t - 3 potions of heal wounds
 u - 4 potions of attraction
 z - 3 potions of flight {unknown}
 E - 4 potions of brilliance {unknown}
 G - 2 potions of invisibility {unknown}


   Skills:
 + Level 8.3 Fighting
 + Level 1.4 Short Blades
 + Level 3.1 Staves
 * Level 8.4 Dodging
 - Level 4.0 Stealth
 + Level 2.9 Shields
 + Level 14.1 Spellcasting
 * Level 7.8 Invocations


You knew the following spells:

 Your Spells              Type           Power      Damage    Failure   Level
a - Anguish               Hex/Necr       31%        N/A       1%          4
b - Blink                 Tloc           100%       N/A       1%          2
d - Magic Dart            Conj           100%       1d8       0%          1
f - Foxfire               Conj/Fire      100%       2x1d9     0%          1
i - Inner Flame           Hex/Fire       63%        N/A       1%          3
p - Petrify               Tmut/Erth      63%        N/A       1%          4
r - Searing Ray           Conj           100%       2d8       1%          2
s - Scorch                Fire           100%       2d9       1%          2
v - Volatile Blastmotes   Fire/Tloc      100%       2d18      1%          3
w - Flame Wave            Conj/Fire      63%        2d15      1%          4
A - Agony                 Necr           63%        N/A       1%          5
Your spell library was empty.

Dungeon Overview and Level Annotations

Branches:
Dungeon (8/15)             Temple (1/1) D:7            Lair (5/5) D:8
 Spider (0/4) Lair:3        Slime (0/5) Lair:4
  Swamp: Lair:2-3    Shoals: Lair:2-3

Altars:
Ashenzari
Cheibriados
Gozag
Hepliaklqana
Makhleb
Nemelex Xobeh
Okawaru
Qazlal
Ru
Trog
Uskayaw
Wu Jian
Xom
Yredelemnul
Zin
The Shining One

Shops:
D:4 =   D:5 :

Annotations:
Lair:3 2 runed translucent doors, Kate Neode's ghost, journeyman DgAr


Innate Abilities, Weirdness & Mutations

You are immune to sickness and miasma.
You are immune to poison.
Your flesh is very heat resistant. (rF++)
You are vulnerable to cold. (rC-)
You float through the air rather than walking.
You learn spells naturally, not from books.
Your magical power is your life essence.
You have superior vitality. (+4 MHP)


Message History

The death yak is engulfed in blazing flames.
You kill the death yak!
Qazlal accepts your kill.
The death yak is engulfed in blazing flames.
Casting: Flame Wave (safe; 1% risk of failure)
Confirm with . or Enter, or press ? or * to list all spells.
Okay, then.
Casting: Flame Wave (safe; 1% risk of failure)
Confirm with . or Enter, or press ? or * to list all spells.
Aiming: Agony (mildly dangerous; 1% risk of failure)
Press: ? - help, Shift-Dir - straight line, f - death yak
Aim: a death yak (flame, heavily wounded, chance to affect: 64%)
The death yak struggles to resist.
The death yak is engulfed in blazing flames.
The death yak gores you!
* * * LOW HITPOINT WARNING * * *
Your +5 quick blade of venom begins to drip with poison!
a - a +5 quick blade of venom (weapon)
You hit the death yak.
The death yak is poisoned.
Your punch misses the death yak.
The death yak is severely wounded.
You block the death yak's attack.
You hit the death yak.
The death yak looks as sick as possible!
The death yak is severely wounded.
You block the death yak's attack.
Casting: Agony (mildly dangerous; 1% risk of failure)
Confirm with . or Enter, or press ? or * to list all spells.
You blink.
Found 13 gold pieces.
* * * LOW HITPOINT WARNING * * *
The death yak snorts and paws the ground.
Casting: Blink (safe; 1% risk of failure)
Confirm with . or Enter, or press ? or * to list all spells.
You blink.
* * * LOW HITPOINT WARNING * * *
You hit the death yak but do no damage.
The death yak looks as sick as possible!
The death yak is severely wounded.
The death yak attacks as you move away! The death yak gores you!!
You die...

∙∙∙∙▒ ░░∙∙∙░▒░░···░░ ░░····░
░·░ ∙∙∙∙▒ ░·∙∙∙▒▒∙··░░░
░░░··░░░ ░·░ ▒∙∙∙▒ ░░∙∙∙∙∙∙░░░
░░···░░ ░·░ ▒▒∙∙▒ ░··░▒∙∙∙▒░
░░··▒░░ ░░·░░ ▒▒▒▒ ░░░░░░▒∙∙▒▒
░··∙▒▒ ░···· ▒▒▒ ░▒∙#▒ ░░∙∙∙▒
░░··░· ▒▒∙▒▒▒ ▒▒∙▒▒▒∙∙∙▒▒
░··░░░ ▒▒∙∙∙∙▒▒▒▒#Y†∙∙∙∙∙▒░
░░··░░
▒▒▒▒∙∙∙∙∙∙▒▒∙°R○∙▒▒▒∙·░░░░····░
▒∙▒▒▒∙∙∙∙∙∙▒∙∙#▒▒▒ ░░··░░·····░
▒▒▒∙▒ ▒∙∙▒▒∙∙∙÷∙▒▒ ░·····8·8··
▒∙∙∙▒ ▒∙∙∙▒▒▒∙▒▒▒ ░░░·8····8·
▒∙∙∙▒▒▒▒∙∙∙▒▒▒▒▒▒▒ ░░····8····
▒∙∙∙∙▒ ▒▒∙∙∙▒▒▒∙∙▒ ░····8·····
▒∙∙∙∙▒▒ ▒▒∙∙∙∙∙P▒▒ ░░░░····░░░
∙∙∙∙∙∙▒▒▒∙∙∙∙∙∙▒▒▒ ░░░░░░ ░
∙∙∙∙∙∙∙∙∙∙8∙∙∙∙∙∙▒▒▒


You could see a death yak (extremely poisoned).

Vanquished Creatures
  A quicksilver ooze (Lair:5)
  2 catoblepae
  6 death yaks (Lair:5)
  2 skysharks (Lair:5)
  A spectral death yak (Lair:3)
  2 manticores (Lair:5)
  3 elephants (Lair:4)
  Joseph (D:7)
  3 black mambas
  8 cane toads
  Maggie (D:6)
  7 komodo dragons
  6 polar bears
  A hornet (D:7)
  12 blink frogs
  5 dream sheep (Lair:5)
  4 slime creatures (Lair:5)
  2 culicivoras (Lair:3)
  A jumping spider (Lair:3)
  40 yaks
  2 wyverns
  3 basilisks
  Eustachio (D:4)
  A steam dragon (D:6)
  A spectral komodo dragon (Lair:3)
  A redback (Lair:3)
  13 water moccasins
  A spectral blink frog (Lair:3)
  4 black bears
  A sky beast (D:8)
  3 ogres
  7 orc warriors
  2 ice beasts
  15 wolves
  A centaur (D:6)
  3 phantoms
  Blork the orc (D:4)
  A gnoll sergeant (D:3)
  9 bullfrogs
  4 scorpions
  10 wights
  6 killer bees
  An electric eel (Lair:3)
  A howler monkey (D:8)
  A hound (D:4)
  A gnoll bouda (D:5)
  5 orc priests
  7 jellies
  A sleepcap (D:4)
  4 iguanas
  13 orc wizards
  Robin (D:4)
  3 gnolls (D:5)
  8 adders
  A white imp (D:6)
  2 ufetubi
  A worm (D:2)
  5 dart slugs
  52 orcs
  10 endoplasms
  10 giant cockroaches
  20 goblins
  10 hobgoblins
  7 jackals
  10 kobolds
  4 quokkas
  9 ball pythons
  7 bats
  2 frilled lizards
  7 rats
401 creatures vanquished.

Vanquished Creatures (collateral kills)
  2 foxfires
2 creatures vanquished.

Vanquished Creatures (others)
  2 hydras (Lair:4)
  A cane toad (Lair:2)
  A water moccasin (Lair:1)
  501 foxfires
505 creatures vanquished.

Grand Total: 908 creatures vanquished

Notes
Turn   | Place    | Note
-------+----------+-------------------------------------------
     0 | D:1      | Zeor the Djinni Fire Elementalist began the quest for the
                  | Orb.
     0 | D:1      | Zeor set off with the following spells memorised: Foxfire,
                  | Scorch, Volatile Blastmotes, Inner Flame, Flame Wave.
     0 | D:1      | Reached XP level 1. HP: 15/15 MP: 0/0
   170 | D:1      | Reached XP level 2. HP: 21/21 MP: 0/0
   225 | D:1      | Found a faded altar of an unknown god.
   305 | D:1      | Reached skill level 3 in Spellcasting
   318 | D:1      | Reached XP level 3. HP: 24/25 MP: 0/0
   318 | D:1      | Learned a level 1 spell: Magic Dart
  1079 | D:2      | Reached XP level 4. HP: 26/31 MP: 0/0
  1839 | D:2      | Reached XP level 5. HP: 32/35 MP: 0/0
  1839 | D:2      | Learned a level 2 spell: Searing Ray
  2526 | D:3      | Reached skill level 4 in Spellcasting
  2530 | D:3      | Reached XP level 6. HP: 21/40 MP: 0/0
  2886 | D:3      | Found a transporter.
  2942 | D:3      | Noticed an ogre
  2958 | D:3      | Found a transporter.
  2960 | D:3      | Noticed an ice beast
  2968 | D:3      | Found a stormy altar of Qazlal.
  3186 | D:4      | Noticed Robin
  3401 | D:4      | Reached XP level 7. HP: 40/45 MP: 0/0
  3401 | D:4      | Learned a level 2 spell: Blink
  3476 | D:4      | Noticed Blork the orc
  3484 | D:4      | Killed Blork the orc
  3485 | D:4      | Reached skill level 5 in Spellcasting
  3648 | D:4      | Found Vegoup's Jewellery Shop.
  3925 | D:4      | Noticed Eustachio
  3929 | D:4      | Killed Eustachio
  3930 | D:4      | Reached XP level 8. HP: 37/50 MP: 0/0
  4051 | D:4      | Killed Robin
  4098 | D:4      | HP: 2/50 [orc priest/divine providence (13)]
  4100 | D:4      | Reached skill level 6 in Spellcasting
  4505 | D:5      | Entered Level 5 of the Dungeon
  4511 | D:5      | Found an iron altar of Okawaru.
  4574 | D:5      | Reached skill level 5 in Dodging
  4668 | D:5      | Reached skill level 1 in Fighting
  5230 | D:5      | Reached XP level 9. HP: 48/58 MP: 0/0
  5230 | D:5      | Learned a level 4 spell: Petrify
  5290 | D:5      | Found Xaryroid's Book Shoppe.
  5302 | D:5      | Reached skill level 7 in Spellcasting
  5791 | D:6      | Identified a scroll of acquirement
  5791 | D:6      | Acquired the staff of fire "Ditzag" {rF+ rC+ Dex+3 SInv}
  5805 | D:6      | Reached skill level 1 in Short Blades
  6491 | D:6      | Noticed Maggie
  6547 | D:6      | Killed Maggie
  6548 | D:6      | Reached skill level 8 in Spellcasting
  6670 | D:6      | Reached XP level 10. HP: 57/67 MP: 0/0
  6957 | D:7      | Reached skill level 1 in Staves
  7283 | D:7      | Noticed Joseph
  7292 | D:7      | Killed Joseph
  7293 | D:7      | Reached skill level 9 in Spellcasting
  7653 | D:7      | Found a snail-covered altar of Cheibriados.
  7768 | D:7      | Found a staircase to the Ecumenical Temple.
  7781 | Temple   | Entered the Ecumenical Temple
  8218 | D:3      | Became a worshipper of Qazlal Stormbringer
  8826 | D:8      | Found a sparkling altar of Nemelex Xobeh.
  8988 | D:8      | Found a staircase to the Lair.
  9103 | D:8      | Reached * piety under Qazlal
  9108 | D:8      | Reached skill level 1 in Invocations
  9736 | D:8      | Reached XP level 11. HP: 64/74 MP: 0/0
  9736 | D:8      | Learned a level 4 spell: Anguish
  9979 | Lair:1   | Entered Level 1 of the Lair of Beasts
 10013 | Lair:1   | Reached skill level 10 in Spellcasting
 10176 | Lair:1   | Reached skill level 5 in Fighting
 10580 | Lair:1   | Noticed a catoblepas
 10594 | Lair:1   | Killed a catoblepas
 10872 | Lair:1   | Noticed a death yak
 10891 | Lair:2   | Reached ** piety under Qazlal
 11438 | Lair:2   | Reached skill level 11 in Spellcasting
 12244 | Lair:3   | Reached XP level 12. HP: 48/83 MP: 0/0
 12493 | Lair:3   | Found a large runed translucent door.
 12493 | Lair:3   | Found a large runed translucent door.
 12494 | Lair:3   | Noticed Kate Neode's ghost (journeyman DgAr)
 12769 | Lair:3   | Reached skill level 1 in Shields
 12800 | Lair:3   | Reached *** piety under Qazlal
 13341 | Lair:3   | Found a hole to the Spider Nest.
 13346 | Lair:3   | Reached skill level 5 in Invocations
 13539 | Lair:3   | Reached skill level 12 in Spellcasting
 13578 | Lair:3   | Noticed a ghost crab
 14167 | Lair:4   | Noticed a six-headed hydra
 14182 | Lair:4   | Killed a six-headed hydra
 14423 | Lair:4   | Acquired a +2 quick blade of venom
 14593 | Lair:4   | Found a staircase to the Slime Pits.
 14650 | Lair:4   | Reached XP level 13. HP: 88/90 MP: 0/0
 14650 | Lair:4   | Learned a level 5 spell: Agony
 15165 | Lair:4   | Noticed a seven-headed hydra
 15174 | Lair:4   | Killed a seven-headed hydra
 15468 | Lair:5   | Entered Level 5 of the Lair of Beasts
 15487 | Lair:5   | Reached **** piety under Qazlal
 15488 | Lair:5   | Reached skill level 13 in Spellcasting
 16595 | Lair:5   | Noticed a quicksilver ooze
 16599 | Lair:5   | Killed a quicksilver ooze
 17264 | Lair:5   | Noticed a catoblepas
 17277 | Lair:5   | Killed a catoblepas
 17515 | Lair:5   | Noticed a catoblepas
 17519 | Lair:5   | Reached XP level 14. HP: 78/98 MP: 0/0
 17763 | Lair:5   | Reached skill level 14 in Spellcasting
 17782 | Lair:5   | Slain by a death yak

Illustrated notes

Levels and vault maps discovered:
D:1:      dpeg_arrival_shelter, layout_basic, chequers_ecumenical_altar_simple
D:2:      minmay_chambers_of_twos, layout_basic, grunt_ministairs_1,
          minmay_misc_feat_hallway, kennysheep_decorative_pillar
D:3:      layout_loops_ring, gammafunk_temple_overflow_arena
D:4:      layout_loops_cross, minmay_misc_feat_square, kennysheep_windowed_goal,
          uniq_blork_the_orc, uniq_robin, uniq_eustachio
D:5:      layout_gridville, mainiacjoe_overflow_cross_hatched, serial_shops,
          shop, minmay_a_box_with_orc_wizards_in_it
D:6:      layout_loops_ring, kennysheep_generic_room_8, uniq_maggie
D:7:      layout_loops_ring, mainiacjoe_overflow_alcove_4,
          minmay_temple_entry_antechambers, uniq_joseph
D:8:      layout_basic, jmf_multi_god_temple, lair_entry_dummy, special_room
          [special_room_orc]
Temple:   compressed_dpeg_circular_temple
Lair:1:   layout_concentric_octagons
Lair:2:   layout_small_grid, minmay_hedge_maze, infiniplex_staircase_pool
Lair:3:   layout_misc_corridors, nicolae_swamp_entry_spooky,
          spider_nest_entry_funnel_web, ebering_ghost_disaster_area,
          serial_bayou_shore_a, serial_bayou_shore_b
Lair:4:   layout_cave_pods, slime_entry_1, grunt_megastairs_2
Lair:5:   evilmike_catoblepas_cave, layout_cave_pods, gauntlet_entry_generic,
          nicolae_lair_time_for_slime

Skill      XL: |  1  2  3  4  5  6  7  8  9 10 11 12 13 14 |
---------------+-------------------------------------------+-----
Spellcasting   | 3 4 5 6 8 9 11 12 13 14 | 14.1
Stealth        | 2 3 4 |  4.0
Dodging        | 3 4 5 6 7 8 |  8.4
Fighting       | 2 3 4 6 7 8 |  8.3
Short Blades   | 1 |  1.4
Staves         | 2 3 |  3.1
Invocations    | 1 4 5 7 |  7.8
Shields        | 1 2 |  2.9

Action                     |  1- 3 |  4- 6 |  7- 9 | 10-12 | 13-15 || total
---------------------------+-------+-------+-------+-------+-------++-------
  Melee: Short sword       |       |       |     9 |       |       ||     9
         Rapier            |       |       |     4 |       |       ||     4
         Staff             |       |       |     2 |    13 |     4 ||    19
         Punch             |       |       |     1 |       |       ||     1
         Quick blade       |       |       |       |       |     8 ||     8
   Cast: Foxfire           |    43 |    44 |    67 |   114 |    33 ||   301
         Scorch            |    15 |    32 |    49 |   101 |    43 ||   240
         Searing Ray       |       |     4 |     3 |    10 |    13 ||    30
         Volatile Blastmot |       |     3 |     3 |    18 |     6 ||    30
         Inner Flame       |       |     4 |     5 |    21 |    18 ||    48
         Flame Wave        |       |     2 |    12 |    42 |    30 ||    86
         Magic Dart        |       |       |    10 |     8 |     1 ||    19
         Blink             |       |       |     8 |    14 |    10 ||    32
         Anguish           |       |       |       |    13 |     9 ||    22
         Agony             |       |       |       |       |     1 ||     1
 Invoke: Upheaval          |       |       |       |       |     2 ||     2
    Use: Scroll            |     3 |     6 |    11 |    12 |     5 ||    37
         Potion            |       |       |     1 |     1 |       ||     2
 Armour: Robe              |     3 |     2 |     5 |       |       ||    10
         Steam dragon scal |       |       |       |    21 |    19 ||    40
  Dodge: Dodged            |     5 |    12 |    45 |    73 |    47 ||   182
  Block: Other             |       |       |     4 |    41 |    39 ||    84
         Reflection        |       |       |       |       |     1 ||     1
